 Dungeon Crawl Stone Soup version 0.16-a0-623-g20b2139 (webtiles) character file.

520 PolkaDot the Cleaver (level 7, -9/56 HPs)
             Began as a Hill Orc Gladiator on Sept 17, 2014.
             Was an Initiate of Beogh.
             Mangled by an ogre
             ... wielding a +0 giant club
              (19 damage)
             ... on Level 4 of the Dungeon.
             The game lasted 00:13:36 (3428 turns).

PolkaDot the Cleaver (Hill Orc Gladiator)           Turns: 3428, Time: 00:13:37

HP  -9/56        AC 12     Str 18      XL: 7   Next: 21%
MP   7/7         EV  6     Int  8      God: Beogh [......]
Gold 239         SH  0     Dex 13      Spells:  0 memorised,  6 levels left

rFire  x . .     SeeInvis .     a - +1 war axe
rCold  + . .     Clarity  .     o - +0 chain mail
rNeg   . . .     rCorr    .     (no shield)
rPois  .         rRot     .     c - +0 helmet
rElec  .         Spirit   .     (no cloak)
SustAb .         Warding  .     e - +2 pair of gloves
rMut   .         Stasis   .     (no boots)
Gourm  .                        (no amulet)
MR     .....                    m - ring of ice
                                u - cursed ring of loudness

@: not resistant to hostile enchantments, extremely unstealthy
A: no striking features
a: Renounce Religion


You were on level 4 of the Dungeon.
You worshipped Beogh.
Beogh was noncommittal.
You were not hungry.

You visited 1 branch of the dungeon, and saw 4 of its levels.

You collected 239 gold pieces.

Inventory:

Hand weapons
 a - a +1 war axe (weapon)
Missiles
 d - 3 throwing nets (quivered)
Armour
 c - a +0 helmet (worn)
 e - a +2 pair of gloves (worn)
 o - a +0 chain mail (worn)
Magical devices
 s - a wand of slowing (11) {unknown}
 v - a wand of digging (8)
 y - a wand of cold (10) {unknown}
Comestibles
 f - 2 meat rations
 j - 7 fruits
 n - 2 bread rations
 w - 3 chunks of gnoll flesh
 z - 3 chunks of gnoll flesh
 A - a chunk of giant gecko flesh
 B - a chunk of rat flesh
 C - a beef jerky
Scrolls
 b - 2 scrolls of remove curse
 t - a scroll of amnesia {unknown}
Jewellery
 m - a ring of ice (right hand)
 u - a cursed ring of loudness (left hand)
Potions
 g - a potion of lignification
 h - a potion of resistance
 i - a potion of haste
 k - 2 potions of curing {unknown}
 l - a potion of degeneration {unknown}
 p - a potion of cancellation {unknown}
 q - a potion of heal wounds {unknown}
 r - a potion of cure mutation {unknown}
 x - 2 potions of berserk rage {unknown}


   Skills:
 - Level 2.4 Fighting
 + Level 10.4 Axes
 - Level 2.0 Throwing
 - Level 2.4 Dodging


You had 6 spell levels left.
You didn't know any spells.

Dungeon Overview and Level Annotations

Branches:
Dungeon (4/15)             Temple (0/1) D:4

Altars:
Dithmenos
Qazlal
The Shining One


Message History

You finish butchering the giant gecko corpse.
A - a chunk of giant gecko flesh An ogre comes into view.
It is wielding a giant club.
The ogre shouts!
Your chain mail prevents you from hitting the ogre.
The ogre hits you with a giant club!!
* * * LOW HITPOINT WARNING * * *
You slash the ogre!
The ogre is heavily wounded.
The ogre closely misses you.
Your chain mail prevents you from hitting the ogre.
The ogre is heavily wounded.
You hit the ogre.
The ogre is severely wounded.
The ogre hits you with a giant club!!
* * * LOW HITPOINT WARNING * * *
You hit the ogre.
The ogre is almost dead.
The ogre hits you with a giant club!!
You die...

#......................
#......................
#......................
#......................
###......................
#..............> .......
###......................
#.......................
#......@................
#.%....O................
##......................
#......................
#......................
#......................
......................
.....................
....................


You could see an ogre.

Vanquished Creatures
  A phantom (D:4)
  Duvessa (D:4)
  Dowan (D:4)
  A worker ant (D:4)
  A hound (D:4)
  Ijyb (D:2)
  2 hound skeletons (D:3)
  A worker ant zombie (D:3)
  6 adders
  5 gnolls
  A giant mite (D:3)
  A worm (D:3)
  An adder zombie (D:3)
  3 orc skeletons
  An iguana skeleton (D:4)
  3 orcs
  2 ball pythons
  6 bats
  A bat skeleton (D:3)
  2 giant cockroaches
  9 goblins
  4 hobgoblins
  8 jackals (D:3)
  4 kobolds
  4 giant geckos
  A giant newt (D:1)
  A giant newt zombie (D:3)
  A goblin skeleton (D:3)
  A hobgoblin zombie (D:3)
  A jackal skeleton (D:3)
  4 quokkas
  16 rats
  A rat skeleton (D:3)
96 creatures vanquished.

Notes
Turn   | Place    | Note
--------------------------------------------------------------
     0 | D:1      | PolkaDot, the Hill Orc Gladiator, began the quest for the Orb.
     0 | D:1      | Reached XP level 1. HP: 18/18 MP: 1/1
   282 | D:1      | Reached XP level 2. HP: 25/25 MP: 2/2
   573 | D:1      | Reached skill level 5 in Axes
   861 | D:2      | Reached XP level 3. HP: 22/30 MP: 3/3
   968 | D:2      | Found a glowing golden altar of the Shining One.
  1066 | D:2      | Found a shadowy altar of Dithmenos.
  1158 | D:2      | Noticed Ijyb
  1169 | D:2      | Killed Ijyb
  1169 | D:2      | Reached skill level 6 in Axes
  1169 | D:2      | Reached XP level 4. HP: 35/37 MP: 4/4
  1623 | D:3      | Reached skill level 7 in Axes
  1627 | D:3      | Reached XP level 5. HP: 34/42 MP: 5/5
  2022 | D:3      | Reached skill level 8 in Axes
  2563 | D:4      | Found a stormy altar of Qazlal.
  2581 | D:4      | Found a staircase to the Ecumenical Temple.
  2581 | D:4      | Noticed Duvessa
  2581 | D:4      | Noticed Dowan
  2596 | D:4      | Killed Dowan
  2596 | D:4      | Reached XP level 6. HP: 17/50 MP: 6/6
  2601 | D:4      | Killed Duvessa
  2601 | D:4      | Reached skill level 9 in Axes
  2831 | D:4      | Noticed a phantom
  2875 | D:4      | Killed a phantom
  2930 | D:4      | Reached skill level 10 in Axes
  2930 | D:4      | Reached XP level 7. HP: 45/56 MP: 7/7
  3146 | D:4      | Became a worshipper of Beogh the Brigand
  3428 | D:4      | Mangled by an ogre

Action                   |  1- 3 |  4- 6 |  7- 9 || total
-------------------------+-------+-------+-------++-------
Melee: War axe           |    60 |   201 |    40 ||   301
Invok: Convert to Beogh  |       |       |     1 ||     1
  Use: Scroll            |     4 |     3 |       ||     7
       Potion            |     1 |     2 |       ||     3
  Eat: Chunk             |     1 |     6 |     2 ||     9
